 Seeded DCSS version 0.30-a0-241-g1121274140 (webtiles) character file.

Game seed: 5951470739221675227 (custom seed)

217 gzilladon the Chopper (level 5, -1/70 HPs)
             Began as a Minotaur Berserker on Oct 10, 2022.
             Was a Priest of Trog.
             Slain by a gnoll
             ... wielding a +0 whip
              (5 damage)
             ... on level 3 of the Dungeon.
             The game lasted 00:06:49 (2126 turns).

gzilladon the Chopper (Minotaur Berserker)          Turns: 2126, Time: 00:06:50

Health: -1/70      AC:  3    Str: 23    XL:     5   Next: 61%
Magic:  4/4        EV:  7    Int:  4    God:    Trog [***...]
Gold:   85         SH:  9    Dex: 10    Spells: 4/4 levels left

rFire   . . .      SeeInvis .    a - +0 hand axe
rCold   . . .      Faith    +    n - +0 tower shield
rNeg    . . .      Spirit   .    p - +0 leather armour
rPois   .          Reflect  .    (helmet restricted)
rElec   .          Harm     .    (no cloak)
rCorr   .          Rampage  .    (no gloves)
Will    .....                    (no boots)
Stlth   ..........               e - amulet of faith
HPRegen 0.31/turn                (no ring)
MPRegen 0.09/turn                (no ring)

@: berserking, lethally poisoned (-1 -> -6), very quick
A: horns 2, retaliatory headbutt
a: Renounce Religion, Berserk, Trog's Hand


You were on level 3 of the Dungeon.
You worshipped Trog.
Trog was most pleased with you.
You visited 1 branch of the dungeon, and saw 3 of its levels.

You collected 85 gold pieces.

Inventory:

Hand Weapons
 a - a +0 hand axe (weapon)
Missiles
 f - 28 stones (quivered)
 r - 8 poisoned darts
Armour
 b - a +0 animal skin
 n - a +0 tower shield (worn)
 p - a +0 leather armour (worn)
Jewellery
 e - an amulet of faith (around neck)
Wands
 o - a wand of polymorph (12)
Scrolls
 h - 3 scrolls of teleportation {unknown}
 i - a scroll of vulnerability {unknown}
 j - 2 scrolls of enchant weapon {unknown}
 k - 3 scrolls of identify {unknown}
 l - a scroll of noise {unknown}
 m - a scroll of fog {unknown}
 t - a scroll of summoning {unknown}
Potions
 c - a potion of haste {unknown}
 d - 2 potions of ambrosia {unknown}
 g - 2 potions of curing {unknown}
 q - a potion of brilliance {unknown}
 s - a potion of invisibility {unknown}


   Skills:
 + Level 4.4 Fighting
 * Level 6.4 Axes
 + Level 3.1 Armour
 + Level 3.0 Dodging
 + Level 0.3 Stealth
 + Level 0.4 Shields


You had 4 spell levels left.
You didn't know any spells.
Your spell library was empty.

Dungeon Overview and Level Annotations

Branches:
Dungeon (3/15)

Altars:


Innate Abilities, Weirdness & Mutations

You have a pair of horns on your head.
You reflexively headbutt those who attack you in melee.


Message History

The gnoll is heavily wounded.
You hit the gnoll. The gnoll barely misses you. You furiously retaliate!
You headbutt the gnoll!
You kill the gnoll!
Trog accepts your kill.
You barely miss the gnoll. Your headbutt misses the gnoll. You miss the adder.
You block the adder's attack. The adder bites you but does no damage.
You hit the gnoll.
The gnoll is severely wounded.
You hit the gnoll but do no damage. You hit the adder. The adder bites you.
You are poisoned.
The adder poisons you! The gnoll hits you but does no damage.
The gnoll hits you with a +0 whip! You block the gnoll's attack.
The gnoll hits you with a +0 whip. You block the gnoll's attack.
The adder bites you.
You hit the gnoll.
The gnoll is severely wounded.
You hit the adder. You closely miss the gnoll.
You feel sick. The adder bites you.
* * * LOW HITPOINT WARNING * * *
You block the gnoll's attack. x2; The gnoll hits you with a +0 whip.
* * * LOW HITPOINT WARNING * * *
You hit the gnoll. You headbutt the gnoll.
You kill the gnoll!
Trog accepts your kill.
You hit the gnoll. You closely miss the adder.
You feel sick. The adder bites you.
* * * LOW HITPOINT WARNING * * *
You are lethally poisoned!
The adder poisons you! The gnoll barely misses you.
The gnoll closely misses you. The adder completely misses you.
You furiously retaliate!
You headbutt the adder!
You kill the adder!
Trog accepts your kill.
Your Dodging skill increases to level 3!
A red film seems to cover your vision as you go berserk!
You feel yourself moving faster!
You feel mighty!
* * * LOW HITPOINT WARNING * * *
You feel sick. The gnoll hits you with a +0 whip.
You die...

######### #.......#
#######.......#
..............# ##
.####.######### ...
......####### ##..#
............# ###...#
.......####.####g.g#
.......####.....@).#
..............##.###
....)...########.#
.....:.####### #.#
.....).......###.#
.......#####.....### ......#
######..†...# #....## .....#
#.....#.#######.#..#####..$.#
...##.†..###.................#


You could see 2 gnolls.

Vanquished Creatures
  Natasha (thrice) (D:2)
  2 gnolls (D:3)
  5 adders
  2 worms (D:2)
  A dart slug (D:2)
  7 ball pythons
  5 bats
  5 endoplasms
  A giant cockroach (D:1)
  7 goblins
  8 hobgoblins
  8 jackals
  6 kobolds
  4 quokkas
  2 frilled lizards
  2 rats (D:1)
68 creatures vanquished.

Vanquished Creatures (others)
  8 plants (D:1)
8 creatures vanquished.

Grand Total: 76 creatures vanquished

Notes
Turn   | Place    | Note
-------+----------+-------------------------------------------
     0 | D:1      | gzilladon the Minotaur Berserker began the quest for the
                  | Orb.
     0 | D:1      | Reached XP level 1. HP: 19/19 MP: 0/0
   146 | D:1      | Reached skill level 4 in Axes
   149 | D:1      | Reached XP level 2. HP: 27/27 MP: 1/1
   469 | D:1      | Reached ** piety under Trog
   555 | D:1      | Reached XP level 3. HP: 33/33 MP: 2/2
  1038 | D:2      | Reached skill level 5 in Axes
  1060 | D:2      | Noticed Natasha
  1079 | D:2      | Killed Natasha
  1080 | D:2      | Reached XP level 4. HP: 14/40 MP: 3/3
  1193 | D:2      | Found a faded altar of an unknown god.
  1316 | D:2      | Noticed Natasha
  1325 | D:2      | Killed Natasha
  1375 | D:2      | Noticed Natasha
  1388 | D:2      | Killed Natasha
  1389 | D:2      | Reached skill level 6 in Axes
  1389 | D:2      | Reached XP level 5. HP: 22/46 MP: 4/4
  1582 | D:2      | Reached *** piety under Trog
  2126 | D:3      | Slain by a gnoll

Illustrated notes

Levels and vault maps discovered:
D:1:      heliophobic_arrival_enchanted_forest, layout_rooms,
          serial_bayou_pond_c, st_stairs_10
D:2:      layout_rooms, ebering_ecumenical_altar_box, serial_corexii_hall,
          corexii_hall_statues_i, chequers_hall_statues_corner_a, uniq_natasha
D:3:      layout_rooms, gammafunk_ghost_grave

Skill      XL: |  1  2  3  4  5 |
---------------+----------------+-----
Axes           | 4 5 6 |  6.4
Fighting       | 4 |  4.4
Armour         | 3 |  3.1
Dodging        | 3 |  3.0
Stealth        | |  0.3
Shields        | |  0.4

Action                   |  1- 3 |  4- 6 || total
-------------------------+-------+-------++-------
Melee: Hand axe          |    88 |    66 ||   154
       Headbutt          |    12 |    11 ||    23
Invok: Berserk           |       |     1 ||     1
Armor: Animal skin       |    17 |     8 ||    25
       Leather armour    |       |     4 ||     4
Dodge: Dodged            |    62 |    31 ||    93
Block: Tower shield      |       |    29 ||    29

Table legend: (Time is in decaauts)
 A = Elapsed time spent in this place.
 B = Non-inter-level travel time spent in this place.
 C = Inter-level travel time spent in this place.
 D = Time resting spent in this place.
 E = Time spent auto-exploring this place.
 F = Levels seen in this place.
 G = Mean time per level.
                   A        B        C        D        E       F      G
               +--------+--------+--------+--------+--------+-----+--------+
         Total |   2168 |   1864 |    304 |    545 |      0 |   3 |  722.7 |
       Dungeon |   2168 |   1864 |    304 |    545 |      0 |   3 |  722.7 |
               +--------+--------+--------+--------+--------+-----+--------+

Top non-repeatable levels by time:
     D:2: 1158 daAuts
     D:1: 628 daAuts
     D:3: 382 daAuts
